Map: Néo-Gettysburg EC

Players

Agraaak - Winner!

  • Race: Zerg Zerg
  • Spawn Location: 7:00

zidar

  • Race: Zerg Zerg
  • League: Platinum
  • Spawn Location: 5:00

VOD

Have the link to the VOD?

Description

Time

  • Played on: Oct. 19, 2016, 3:05 p.m.
  • Length: 12:53
Show
View Real Time Build Order
Export as new Build Order

Agraaak Zerg - Winner!

Build Orders: Pool First 

Get SALT Encoding   

  12  0:02  Drone  
  13  0:16  Drone  
  13  0:18  Overlord  
  14  0:26  Extractor, Drone  
  14  0:32  Overlord  
  14  0:50  Drone  
  14  0:51  Drone  
  16  0:57  Spawning Pool  
  16  1:01  Drone  
  16  1:10  Drone  
  17  1:45  Metabolic Boost  
  17  1:47  Queen  
  19  1:55  Zergling x2  
  19  1:57  Hatchery, Zergling x2  
  19  2:01  Zergling x2  
  21  2:08  Drone  
  22  2:18  Roach Warren  
  21  2:35  Zergling x2  
  22  2:37  Overlord  
  22  3:01  Zergling x6  
  22  3:18  Spine Crawler  
  23  3:20  Roach x3  
  25  3:55  Roach x3  
  30  4:00  Drone x3  
  33  4:08  Lair  
  33  4:09  Zergling x2  
  34  4:30  Zergling x2  
  35  4:31  Overlord  
  30  5:28  Zergling x6  
  30  5:29  Zergling x2  
  30  5:30  Zergling x4  
  29  5:59  Drone  
  29  6:02  Overlord  
  29  6:03  Zergling x2  
  27  6:04  Queen  
  27  6:06  Zergling x10  
  31  6:25  Roach  
  30  6:31  Extractor  
  30  6:32  Drone x2  
  31  6:37  Spine Crawler  
  31  6:38  Spine Crawler  
  31  6:39  Spine Crawler  
  28  6:46  Roach x2  
  32  6:47  Zergling x2  
  32  6:50  Zergling x4  
  35  6:55  Drone  
  35  6:57  Drone  
  37  7:12  Drone x2  
  39  7:18  Extractor  
  39  7:21  Extractor, Drone  
  39  7:22  Drone  
  39  7:58  Spire  
  39  8:00  Drone x2  
  39  8:01  Drone  
  39  8:03  Drone x3  
  44  8:16  Drone  
  44  8:17  Drone x6  
  42  9:11  Mutalisk x2  
  42  9:12  Mutalisk x3  
  42  9:16  Overlord x3  
  52  9:25  Spine Crawler  
  51  9:39  Mutalisk  
  51  9:40  Mutalisk x2  
  51  9:42  Mutalisk x2  
  61  9:50  Spine Crawler  
  60  10:14  Roach  
  60  10:15  Roach x7  
  68  11:07  Roach  
  68  11:08  Roach x3  
  68  11:09  Overlord  
  68  11:10  Overlord x5  
  75  11:37  Hatchery  
  34  12:09  Drone  
  34  12:10  Drone x5  
  34  12:12  Drone  
  34  12:13  Drone x4  
  45  12:30  Drone  
Show
View Real Time Build Order
Export as new Build Order

zidar Zerg 

Build Orders: 1 Base Baneling Bust, Pool First 

Get SALT Encoding   

  12  0:01  Drone  
  13  0:09  Drone  
  13  0:13  Extractor  
  13  0:16  Drone  
  14  0:36  Spawning Pool  
  14  0:41  Drone  
  14  0:51  Overlord  
  14  1:02  Overlord  
  14  1:23  Queen  
  16  1:27  Zergling x2  
  16  1:28  Zergling x2  
  16  1:29  Zergling x2  
  19  1:37  Metabolic Boost  
  19  1:42  Zergling x2  
  20  1:50  Zergling x2  
  21  2:03  Zergling x2  
  22  2:31  Zergling x4  
  22  2:34  Zergling x6  
  27  2:42  Baneling Nest  
  26  2:52  Zergling x4  
  28  3:12  Zergling x4  
  29  3:20  Overlord x2  
  21  3:45  Zergling x2  
  21  3:46  Zergling x4  
  18  3:58  Zergling x2  
  18  3:59  Zergling x4  
  18  4:00  Hatchery  
  20  4:15  Zergling x2  
  20  4:37  Zergling x2  
  20  4:38  Zergling x4  
  19  4:55  Zergling x8  
  17  5:22  Zergling x6  
  17  5:39  Zergling x12  
  18  5:57  Zergling x6  
  20  6:09  Drone  
  15  6:28  Drone x5  
  20  6:40  Zergling x2  
  20  6:41  Queen, Zergling x2  
  24  6:50  Hatchery  
  24  6:53  Queen  
  25  7:19  Baneling x4  
  25  7:22  Zergling x12  
  31  7:55  Drone x3  
  31  7:56  Drone x2  
  31  7:57  Drone  
  37  8:03  Drone x3  
  40  8:06  Overlord  
  40  8:07  Overlord  
  40  8:23  Lair  
  40  8:26  Zergling x2  
  40  8:27  Zergling x12  
  45  8:35  Baneling  
  45  8:40  Zergling x6  
  48  8:53  Zergling x2  
  48  8:54  Zergling x12  
  55  9:02  Baneling  
  55  9:08  Queen  
  57  9:19  Drone x5  
  57  9:21  Evolution Chamber, Drone x3  
  64  9:24  Drone  
  64  9:25  Drone  
  64  9:30  Overlord  
  66  9:42  Zergling x10  
  70  10:08  Spore Crawler  
  70  10:09  Spore Crawler  
  70  10:10  Spore Crawler  
  70  10:12  Spore Crawler  
  66  10:15  Spore Crawler  
  66  10:16  Spore Crawler  
  66  10:17  Spore Crawler  
  66  10:18  Spore Crawler  
  66  10:19  Spore Crawler  
  61  10:23  Zergling x16  
  69  10:30  Baneling  
  69  10:31  Baneling x6  
  22  12:04  Zergling x16  
  30  12:24  Hatchery  
Tags
 
Add a new tag
Caveats
  • Supply blocks, unpowered buildings, or Contaminate may cause inaccurate times.
  • Supply counts are checked every 10 seconds.